 Dungeon Crawl Stone Soup version 0.26-a0-665-gefeb406119 (webtiles) character file.

Game seed: 2530423271318615947

109 ANON1729 the Skirmisher (level 4, -5/47 HPs)
             Began as a Palentonga Wanderer on Oct 15, 2020.
             Slain by an orc
             ... wielding a +0 mace
              (6 damage)
             ... on level 3 of the Dungeon.
             The game lasted 00:02:57 (2672 turns).

ANON1729 the Skirmisher (Palentonga Wanderer)       Turns: 2672, Time: 00:02:57

Health: -5/47      AC:  5    Str: 17    XL:     4   Next: 60%
Magic:  4/4        EV:  8    Int: 13    God:
Gold:   82         SH:  0    Dex:  8    Spells: 3/3 levels left

rFire    . . .     SeeInvis +   n - +0 trident
rCold    . . .     Faith    .   (no shield)
rNeg     . . .     Spirit   .   d - +0 ring mail
rPois    .         Reflect  .   (no helmet)
rElec    .         Harm     .   (no cloak)
rCorr    .         Rampage  .   (no gloves)
MR       .....                  (no barding)
Stlth    +.........             (no amulet)
HPRegen  0.15/turn              (no ring)
MPRegen  0.09/turn              (no ring)

@: lethally poisoned (-5 -> -7)
A: large, rugged brown scales 3, see invisible, deformed body, roll, armoured
tail
a: Rolling Charge


You were on level 3 of the Dungeon.
You visited 1 branch of the dungeon, and saw 3 of its levels.

You collected 82 gold pieces.

Inventory:

Hand Weapons
 a - a +0 spear
 n - a +0 trident (weapon)
Armour
 d - a +0 ring mail (worn)
Scrolls
 b - 2 scrolls of blinking
 e - 2 scrolls of enchant armour {unknown}
 f - a scroll of identify {unknown}
 g - 3 scrolls of teleportation {unknown}
 j - a scroll of amnesia {unknown}
Potions
 c - a potion of heal wounds
 h - a potion of stabbing {unknown}
 i - a potion of curing {unknown}
 k - a potion of ambrosia {unknown}
 l - 2 potions of resistance {unknown}
 m - a potion of berserk rage {unknown}


   Skills:
 * Level 6.0 Fighting
 + Level 2.0 Armour
 + Level 1.8 Stealth
   Level 1.0 Shields
 - Level 1.0 Unarmed Combat
   Level 1.0 Evocations


You had 3 spell levels left.
You didn't know any spells.
Your spell library was empty.

Dungeon Overview and Level Annotations

Branches:
Dungeon (3/15)

Altars:
Fedhas


Innate Abilities, Weirdness & Mutations

You are completely covered in rugged brown scales. (AC +3, +7% HP)
You have supernaturally acute eyesight. (SInv)
Armour fits poorly on your strangely shaped body.
You can roll at foes to attack.
You have a long armoured tail.


Message History

The orc hits you but does no damage. The orc priest barely misses you.
You puncture the orc priest!
Your tail-slap misses the orc priest.
The orc priest is severely wounded.
You feel sick. The orc hits you with a +0 mace.
* * * LOW HITPOINT WARNING * * *
The orc priest hits you with a +0 hand axe.
* * * LOW HITPOINT WARNING * * *
You closely miss the orc priest.
The orc priest is severely wounded.
You feel sick. The orc hits you with a +0 mace.
* * * LOW HITPOINT WARNING * * *
The orc priest hits you but does no damage.
The orc closely misses you.
The orc priest casts a cantrip, but nothing happens.
You hit the orc priest.
The orc priest is almost dead.
The orc priest hits you with a +0 hand axe.
* * * LOW HITPOINT WARNING * * *
The orc hits you with a +0 mace.
You die...

#....# #....# #....#
#....# ######### #
#....# #.......##.#
#)...####...........
#...................
#####.......)#####......
<[............).@o....(.
######.......##..o......
##########.....####
#.....# #.....# #.....#
#..)..# #.....# #######


You could see an orc priest and an orc.

Vanquished Creatures
  4 adders
  An ooze (D:2)
  2 dart slugs
  2 leopard geckos
  2 orcs (D:3)
  6 bats
  3 giant cockroaches
  5 goblins
  6 hobgoblins
  11 jackals
  2 quokkas (D:2)
  A frilled lizard (D:2)
  8 kobolds
  3 rats (D:1)
56 creatures vanquished.

Vanquished Creatures (others)
  4 plants (D:2)
4 creatures vanquished.

Grand Total: 60 creatures vanquished

Notes
Turn   | Place    | Note
-------+----------+-------------------------------------------
     0 | D:1      | ANON1729 the Palentonga Wanderer began the quest for the
                  | Orb.
     0 | D:1      | ANON1729 set off with the following items: a +0 spear, a
                  | scroll of blinking, a potion of heal wounds, a +0 ring mail
     0 | D:1      | Reached XP level 1. HP: 24/24 MP: 1/1
    66 | D:1      | Reached XP level 2. HP: 25/31 MP: 2/2
   719 | D:1      | Reached XP level 3. HP: 38/38 MP: 3/3
  1296 | D:2      | Found a blossoming altar of Fedhas.
  1418 | D:2      | Reached XP level 4. HP: 47/47 MP: 4/4
  2020 | D:2      | HP: 2/47 [poisoned by an adder]
  2028 | D:2      | HP: 2/47 [poisoned by an adder]
  2659 | D:3      | Reached skill level 6 in Fighting
  2672 | D:3      | HP: 1/47 [orc priest/+0 hand axe (4)]
  2672 | D:3      | Slain by an orc

Illustrated notes

Levels and vault maps discovered:
D:1:      lightli_arrival_quake, layout_loops_ring
D:2:      layout_loops_ring, fedhas_ov_isle_minmay
D:3:      layout_basic, uniq_grinder

Skill      XL: |  1  2  3  4 |
---------------+-------------+-----
Fighting       | 6 |  6.0
Armour         | 2 |  2.0
Stealth        | |  1.8
Shields        | |  1.0
Unarmed Combat | |  1.0
Evocations     | |  1.0

Action                   |  1- 3 |  4- 6 || total
-------------------------+-------+-------++-------
Melee: Spear             |   171 |    69 ||   240
       Tailslap          |     8 |     7 ||    15
       Punch             |     1 |       ||     1
       Trident           |       |    16 ||    16
Armor: Ring mail         |    95 |    58 ||   153
Dodge: Dodged            |    57 |    43 ||   100

Table legend: (Time is in decaauts)
 A = Elapsed time spent in this place.
 B = Non-inter-level travel time spent in this place.
 C = Inter-level travel time spent in this place.
 D = Time resting spent in this place.
 E = Time spent auto-exploring this place.
 F = Levels seen in this place.
 G = Mean time per level.
                   A        B        C        D        E       F      G
               +--------+--------+--------+--------+--------+-----+--------+
         Total |   2701 |   2676 |     25 |    650 |   1609 |   3 |  900.3 |
       Dungeon |   2701 |   2676 |     25 |    650 |   1609 |   3 |  900.3 |
               +--------+--------+--------+--------+--------+-----+--------+

Top non-repeatable levels by time:
     D:2: 1462 daAuts
     D:1: 1037 daAuts
     D:3: 201 daAuts
